 Dungeon Crawl Stone Soup version 0.19.4-9-g45fd643 (webtiles) character file.

107 pelusohot the Ruffian (level 4, -12/44 HPs)
             Began as a Troll Monk on Feb 19, 2017.
             Mangled by an orc warrior
             ... wielding a +0 scimitar
              (20 damage)
             ... on level 3 of the Dungeon.
             The game lasted 00:06:51 (1352 turns).

pelusohot the Ruffian (Troll Monk)                  Turns: 1352, Time: 00:06:51

Health: -12/44     AC:  5    Str: 20    XL:     4   Next: 57%
Magic:  3/3        EV: 11    Int:  6    God:
Gold:   93         SH:  0    Dex: 12    Spells: 0 memorised, 3 levels left

rFire  . . .     SeeInvis .       - Unarmed
rCold  . . .     Gourm    +     a - +0 robe
rNeg   . . .     Faith    .     (no shield)
rPois  .         Spirit   .     (helmet restricted)
rElec  .         Reflect  .     (no cloak)
rCorr  .         Harm     .     (gloves unavailable)
MR     .....                    (boots unavailable)
Stlth  ++........               (no amulet)
                                (no ring)
                                (no ring)

@: no status effects
A: unfitting armour, claws 3, fast metabolism 3, gourmand, regeneration 1,
shaggy fur 1, tough skin 2
a: no special abilities


You were on level 3 of the Dungeon.
You were very full.

You visited 1 branch of the dungeon, and saw 3 of its levels.

You collected 93 gold pieces.

Inventory:

Armour
 a - a +0 robe (worn)
 l - a +0 scale mail
Scrolls
 c - 2 scrolls of immolation {unknown}
 d - a scroll of recharging {unknown}
 e - a scroll of teleportation {unknown}
 f - 2 scrolls of remove curse {unknown}
 j - a scroll of identify {unknown}
 k - a scroll of random uselessness {unknown}
Potions
 i - 3 potions of haste {unknown}
Comestibles
 b - 3 bread rations
 g - 2 beef jerkies
 h - 12 chunks of flesh


   Skills:
 + Level 2.9 Fighting
 + Level 3.2 Dodging
 + Level 1.2 Stealth
 + Level 4.1 Unarmed Combat


You had 3 spell levels left.
You didn't know any spells.

Dungeon Overview and Level Annotations

Branches:
Dungeon (3/15)

Altars:


Innate Abilities, Weirdness & Mutations

You are too large for most types of armour.
You have claws for hands.
Your metabolism is lightning-fast.
You like to eat raw meat.
Your natural rate of healing is unusually fast.
You are covered in fur. (AC +1)
You have very tough skin. (AC +2)


Message History

You mangle the orc!!
You kill the orc!
You see here a short sword.
The orc warrior hits you with a scimitar!
You scratch the orc warrior.
The orc warrior is lightly wounded.
The orc warrior hits you with a scimitar!!
You scratch the orc warrior.
The orc warrior is moderately wounded.
You scratch the orc warrior but do no damage.
The orc warrior is moderately wounded.
The orc warrior hits you with a scimitar!
* * * LOW HITPOINT WARNING * * *
You scratch the orc warrior.
The orc warrior is moderately wounded.
The orc warrior misses you.
You closely miss the orc warrior.
The orc warrior is moderately wounded.
The orc warrior hits you with a scimitar!!
You die...

#########..)...<.....
###########.........###########
........)).<........#
###########.#######.# #.# #.#
#.#### #.# #.####....# #.#
#.......#.## #.# #.####.#)@o#
#.# #.#.#....... #.......>.##
###########


You could see an orc warrior.

Vanquished Creatures
  Jessica (D:2)
  A gnoll (D:1)
  An adder (D:2)
  An ooze (D:2)
  A worm (D:2)
  2 dart slugs
  A leopard gecko (D:1)
  7 orcs (D:3)
  A ball python (D:2)
  A giant cockroach (D:1)
  3 goblins
  7 hobgoblins
  A quokka (D:2)
  4 bats
  3 frilled lizards
  6 kobolds
  5 rats
46 creatures vanquished.

Notes
Turn   | Place    | Note
-------+----------+-------------------------------------------
     0 | D:1      | pelusohot the Troll Monk began the quest for the Orb.
     0 | D:1      | Reached XP level 1. HP: 22/22 MP: 0/0
    75 | D:1      | Reached XP level 2. HP: 16/29 MP: 1/1
   443 | D:2      | Reached XP level 3. HP: 35/36 MP: 2/2
   997 | D:2      | Noticed Jessica
  1021 | D:2      | Killed Jessica
  1021 | D:2      | Reached XP level 4. HP: 25/44 MP: 3/3
  1270 | D:3      | Reached skill level 4 in Unarmed Combat
  1304 | D:3      | Noticed an orc warrior
  1352 | D:3      | Mangled by an orc warrior

Skill      XL: |  1  2  3  4 |
---------------+-------------+-----
Dodging        | 3 |  3.2
Unarmed Combat | 4 |  4.1
Fighting       | |  2.9
Stealth        | |  1.2

Action                   |  1- 3 |  4- 6 || total
-------------------------+-------+-------++-------
Melee: Unarmed           |    94 |    28 ||   122
 Stab: Sleeping          |     2 |       ||     2
  Eat: Chunk             |    13 |     1 ||    14
       Meat ration       |     1 |       ||     1
Armor: Robe              |    43 |     2 ||    45
Dodge: Dodged            |    60 |     7 ||    67
